 Dungeon Crawl Stone Soup version 0.17-a0-1738-g82cdc46 (webtiles) character file.

2433 Krapule the Fighter (level 9, -2/82 HPs)
             Began as a Minotaur Fighter on Aug 30, 2015.
             Was an Initiate of Qazlal.
             Killed from afar by cireshan's ghost (37 damage)
             ... with a fireball
             ... on level 8 of the Dungeon.
             The game lasted 00:26:58 (7079 turns).

Krapule the Fighter (Minotaur Fighter)              Turns: 7079, Time: 00:26:58

Health: -2/82      AC: 20    Str: 25    XL:     9   Next: 24%
Magic:  9/9        EV: 13    Int:  6    God:    Qazlal [......]
Gold:   443        SH: 11    Dex: 11    Spells: 0 memorised, 8 levels left

rFire  . . .     SeeInvis .     l - +2 long sword (protect)
rCold  . . .     Clarity  .     y - +1 ring mail "Kano" {rElec Str+4} (curse)
rNeg   . . .     SustAt   .     c - +0 shield
rPois  .         Gourm    .     (helmet restricted)
rElec  +         Spirit   .     (no cloak)
rCorr  .         Warding  .     (no gloves)
rMut   .         Stasis   .     k - +1 pair of boots
MR     .....                    (no amulet)
Stlth  +.........               r - ring of wizardry
                                o - ring of wizardry

@: not resistant to hostile enchantments, very unstealthy
A: retaliatory headbutt, horns 2, repulsion field 1, molten scales 1, rough
black scales 1, blurry vision 1
a: Renounce Religion


You were on level 8 of the Dungeon.
You worshipped Qazlal.
Qazlal was noncommittal.
You were not hungry.

You visited 2 branches of the dungeon, and saw 9 of its levels.

You collected 443 gold pieces.

Inventory:

Hand weapons
 l - a +2 long sword of protection (weapon)
Armour
 c - a +0 shield (worn)
 k - a +1 pair of boots (worn)
 y - the cursed +1 ring mail "Kano" (worn) {rElec Str+4}
   (You found it on level 7 of the Dungeon)

   It affects your strength (+4).
   It insulates you from electricity.
   It has a curse placed upon it.
Jewellery
 o - a ring of wizardry (left hand)
 r - a ring of wizardry (right hand)
Scrolls
 b - a scroll of blinking {unknown}
 i - a scroll of immolation {unknown}
 m - 6 scrolls of identify
 p - a scroll of teleportation
 s - a scroll of recharging
 u - 3 scrolls of magic mapping
Potions
 d - a potion of might
 f - a potion of ambrosia
 j - a potion of haste
 t - 2 potions of agility
 w - 3 potions of curing
Comestibles
 a - 3 chunks of flesh
 e - 4 bread rations
 g - 5 beef jerkies
 h - 4 meat rations
 n - 9 royal jellies
 q - 3 fruits
 v - 2 slices of pizza


   Skills:
 + Level 8.6 Fighting
 - Level 4.0 Long Blades
 + Level 8.5 Armour
 - Level 5.0 Dodging
 - Level 8.0 Shields
 + Level 2.2 Invocations


You had 8 spell levels left.
You didn't know any spells.

Dungeon Overview and Level Annotations

Branches:
Dungeon (8/15)             Temple (1/1) D:5
   Lair: D:8-11

Altars:
Cheibriados
Dithmenos
Elyvilon
Fedhas
Gozag
Kikubaaqudgha
Nemelex Xobeh
Okawaru
Qazlal
Ru
Sif Muna
Trog
Vehumet
Xom
Yredelemnul
Zin
The Shining One

Annotations:
D:8 Maurice; cireshan's ghost, experienced DECj


Innate Abilities, Weirdness & Mutations

You reflexively headbutt those who attack you in melee.
You have a pair of horns on your head.
You are surrounded by a mild repulsion field (EV +2).
You are partially covered in molten scales (AC +1).
You are partially covered in rough black scales (AC +4, Dex -1).
Scrolls take you a little longer to read.


Message History

You hit cireshan's ghost but do no damage.
Your headbutt misses cireshan's ghost.
Cireshan's ghost is severely damaged.
Cireshan's ghost misses you.
You hit cireshan's ghost.
Cireshan's ghost is severely damaged.
Cireshan's ghost hits you but does no damage.
Cireshan's ghost gestures at you while chanting.
The magic dart hits you!
You hit cireshan's ghost but do no damage.
Cireshan's ghost is severely damaged.
You block cireshan's ghost's attack.
You hit cireshan's ghost.
Cireshan's ghost is severely damaged.
Cireshan's ghost hits you but does no damage.
You closely miss cireshan's ghost. Your headbutt misses cireshan's ghost.
Cireshan's ghost is severely damaged.
Cireshan's ghost gestures at you while chanting.
The fireball explodes!
The fireball engulfs you!
You die...

#.....#..#..#...#≈≈#
#.....#.##..#.⌠.#≈≈#
+.....'.##..#...#≈≈#
#...W........# #≈≈≈≈
####.##.##.... ≈≈≈≈≈
#.#.##.##.....≈≈≈≈≈
##.#.#.. ...###≈≈≈≈
#.#†##... . .#≈≈#
##@#.#... .⌠ #≈≈#
#W#.##+##. ...#≈≈#
##'## ###≈..≈ #..#
....... #..# #....)
#### .'..... .#.....
#..... #.....


You could see cireshan's ghost.

Vanquished Creatures
  A soldier ant (D:8)
  2 sky beasts
  2 ogres
  A wasp (D:8)
  2 phantoms
  2 centaurs (D:6)
  2 giant frogs (D:6)
  A scorpion (D:4)
  4 crimson imps
  A hound (D:6)
  9 orc wizards
  5 centaur skeletons
  8 orc priests
  A giant frog skeleton (D:5)
  3 iguanas
  6 worker ants
  A hound zombie (D:6)
  Robin (D:3)
  10 adders
  6 gnolls
  A shadow imp (D:5)
  3 oozes
  An adder skeleton (D:4)
  4 worms
  2 giant geckos
  43 orcs
  2 ball pythons (D:2)
  7 giant cockroaches
  8 hobgoblins
  7 kobolds
  3 quokkas
  A ball python zombie (D:5)
  6 bats
  5 giant newts
  12 goblins
  7 rats
180 creatures vanquished.

Notes
Turn   | Place    | Note
--------------------------------------------------------------
     0 | D:1      | Krapule the Minotaur Fighter began the quest for the Orb.
     0 | D:1      | Reached XP level 1. HP: 19/19 MP: 0/0
   189 | D:1      | Reached XP level 2. HP: 21/27 MP: 1/1
   702 | D:2      | Reached skill level 4 in Armour
   731 | D:2      | Reached skill level 1 in Dodging
   767 | D:2      | Found an ancient bone altar of Kikubaaqudgha.
   870 | D:2      | Reached XP level 3. HP: 33/33 MP: 2/2
  1089 | D:2      | Reached XP level 4. HP: 40/40 MP: 3/3
  1128 | D:2      | Found a glowing golden altar of the Shining One.
  1253 | D:3      | Found a radiant altar of Vehumet.
  1254 | D:3      | Found a blossoming altar of Fedhas.
  1256 | D:3      | Found a shadowy altar of Dithmenos.
  1258 | D:3      | Found a shimmering altar of Xom.
  1259 | D:3      | Found an iron altar of Okawaru.
  1382 | D:3      | Reached XP level 5. HP: 6/47 MP: 4/4
  1780 | D:3      | Noticed Robin
  1797 | D:3      | Reached skill level 5 in Fighting
  1813 | D:3      | Reached skill level 5 in Armour
  1820 | D:3      | Killed Robin
  2150 | D:3      | Reached XP level 6. HP: 38/56 MP: 5/5
  2910 | D:4      | Reached skill level 5 in Shields
  3240 | D:4      | Reached XP level 7. HP: 46/62 MP: 6/6
  3556 | D:4      | Reached skill level 6 in Armour
  3862 | D:5      | Entered Level 5 of the Dungeon
  3927 | D:5      | Found a staircase to the Ecumenical Temple.
  3938 | Temple   | Entered the Ecumenical Temple
  4256 | D:5      | Reached XP level 8. HP: 63/71 MP: 7/7
  4788 | D:5      | Found a stormy altar of Qazlal.
  4928 | D:6      | Gained mutation: You are partially covered in molten scales (AC +1). [potion of mutation]
  4928 | D:6      | Gained mutation: You are surrounded by a mild repulsion field (EV +2). [potion of mutation]
  4928 | D:6      | Gained mutation: Scrolls take you a little longer to read. [potion of mutation]
  5070 | D:6      | Reached skill level 7 in Armour
  5070 | D:6      | Reached skill level 5 in Dodging
  5480 | D:5      | Became a worshipper of Qazlal Stormbringer
  5699 | D:6      | Reached skill level 8 in Fighting
  5718 | D:6      | Found a sacrificial altar of Ru.
  6080 | D:7      | Got a crude ring mail
  6091 | D:7      | Identified the cursed +1 ring mail "Kano" {rElec Str+4} (You found it on level 7 of the Dungeon)
  6316 | D:7      | Reached skill level 1 in Invocations
  6316 | D:7      | Reached XP level 9. HP: 78/81 MP: 8/8
  6610 | D:8      | Noticed cireshan's ghost (experienced DECj)
  6697 | D:8      | Gained mutation: You are partially covered in rough black scales (AC +4, Dex -1). [potion of beneficial mutation]
  6783 | D:8      | Noticed Maurice
  7079 | D:8      | Killed from afar by cireshan's ghost

Vault maps used:
D:1:      eino_arrival_cavern_a
D:2:      lemuel_crystal_altar, tso_oasis_becter
D:3:      grunt_temple_overflow_open, uniq_robin
D:5:      nicolae_overflow_hidden_temple, minmay_temple_entry_statues_fountains,
          first_bread, hangedman_decor_slide_cut, st_stairs_7,
          hangedman_decor_diamond_cutter
D:6:      nicolae_ru_path_of_blood
D:8:      hangedman_pestilent_swarm, fountainhead, zaba_antful_of_joy,
          uniq_maurice
Temple:   minmay_temple_curvy_8

Action                   |  1- 3 |  4- 6 |  7- 9 || total
-------------------------+-------+-------+-------++-------
Melee: Long sword        |   105 |   163 |   385 ||   653
  Use: Scroll            |     2 |     2 |     4 ||     8
       Potion            |     2 |     2 |     6 ||    10
  Eat: Chunk             |     1 |     2 |    13 ||    16
       Bread ration      |       |     1 |       ||     1
